[Event "Titled Tuesday Blitz December 13 Late 2022"]
[White "Kanyamarala, Tarun"]
[Black "Oro, Faustino"]
[WhiteFideId "45004714"]
[BlackFideId "20000197"]
[WhiteElo "2305"]
[BlackElo "1984"]
[Result "1-0"]
[Round "06"]
[TimeControl "180+1"]
[Date "2022.12.14"]
[WhiteClock "0:00:07"]
[BlackClock "0:00:02"]

1. d4 Nf6 2. Nf3 e6 3. e3 d5 4. Bd3 Bd6 5. O-O O-O 6. b3 c5 7. Bb2 Nc6 8. Nbd2 Qc7 9. a3 b6 10. dxc5 bxc5 11. e4 d4 12. Nc4 e5 13. Nxd6 Qxd6 14. Nd2 Be6 15. Qe2 Na5 16. f4 Rac8 17. b4 Nc6 18. f5 Bd7 19. Nc4 Qe7 20. b5 Nd8 21. a4 Nb7 22. Bc1 h6 23. Bd2 Nd6 24. Be1 Nh7 25. f6 Nxf6 26. Bh4 g5 27. Bg3 Nxc4 28. Bxc4 Kg7 29. Ra3 Ng4 30. h3 Ne3 31. Rxe3 dxe3 32. Qxe3 f6 33. Bd5 Be6 34. c4 Bxd5 35. exd5 Rce8 36. Rf5 Qd6 37. h4 Rf7 38. Qe4 Ree7 39. Rf2 Qd7 40. h5 f5 41. Bxe5+ Kh7 42. Qe3 f4 43. Qd3+ Qf5 44. Qxf5+ Rxf5 45. Bd6 Re1+ 46. Kh2 Rc1 47. Bxc5 Rxc4 48. Bxa7 Rxa4 49. b6 Rb4 50. Rd2 Rf7 51. d6 Rd7 52. Kh3 f3 53. gxf3 Kg8 54. Kg3 Kf7 55. Kf2 Ke6 56. Bb8 Rxb6 57. Bc7 Rc6 58. Re2+ Kf5 59. Re7 Rcxc7 60. dxc7 Rd2+ 61. Kg3 Rc2 62. Rh7 Ke5 63. Rf7 Ke6 64. Rh7 Rxc7 65. Rxc7 Kf5 66. Rc5+ Kf6 67. Kg4 1-0


[Site "https://www.chess.com"]

[Event "Titled Tuesday Blitz December 13 Late 2022"]
[White "Karas, Marek"]
[Black "De Souza, Cristiano Gomes"]
[WhiteFideId "14928558"]
[BlackFideId "2151758"]
[WhiteElo "2247"]
[BlackElo "2068"]
[Result "1-0"]
[Round "06"]
[TimeControl "180+1"]
[Date "2022.12.14"]
[WhiteClock "0:00:38"]
[BlackClock "0:00:10"]

1. g3 Nf6 2. Bg2 g6 3. Nf3 Bg7 4. c4 O-O 5. Nc3 d5 6. cxd5 Nxd5 7. Qa4 Nxc3 8. dxc3 Bd7 9. Qh4 Bc6 10. Bh6 e5 11. Ng5 Bxg2 12. Bxg7 Kxg7 13. Qxh7+ Kf6 14. Rd1 Qxd1+ 15. Kxd1 Bxh1 16. Qh4 Kg7 17. f3 Nc6 18. Qh7+ Kf6 19. Ne4+ Ke7 20. Qh4+ f6 21. Qh6 Rad8+ 22. Ke1 Rf7 23. Qxg6 Rh8 24. h4 Rhh7 25. Nxf6 Rhg7 26. Nd5+ Kf8 27. Qh6 Bg2 28. Nf6 Bh3 29. Nh5 Ne7 30. Nxg7 Rxg7 31. g4 Ng6 32. h5 Nf4 33. Qf6+ Rf7 34. Qxe5 Nd3+ 35. exd3 Re7 36. Qxe7+ Kxe7 37. Kf2 Kf6 38. d4 Kg5 39. Kg3 Bf1 40. f4+ Kh6 41. Kh4 Be2 42. g5+ Kh7 43. f5 Bd3 44. f6 b6 45. g6+ Bxg6 46. hxg6+ Kxg6 47. Kg4 Kxf6 48. Kf4 Ke6 49. Ke4 c6 50. c4 Kd6 51. d5 cxd5+ 52. cxd5 b5 53. Kd4 a5 54. b3 b4 55. Kc4 Ke5 56. Kc5 Ke4 57. d6 Kd3 58. d7 Kc2 59. d8=Q Kb2 60. Qxa5 1-0


[Site "https://www.chess.com"]

[Event "Titled Tuesday Blitz December 13 Late 2022"]
[White "Kazakouski, Valery"]
[Black "Bortnyk, Olexandr"]
[WhiteFideId "13507443"]
[BlackFideId "14120828"]
[WhiteElo "2516"]
[BlackElo "2723"]
[Result "0-1"]
[Round "06"]
[TimeControl "180+1"]
[Date "2022.12.13"]
[WhiteClock "0:00:02"]
[BlackClock "0:00:06"]

1. Nf3 Nf6 2. c4 d6 3. d4 g6 4. g3 Bg7 5. Bg2 O-O 6. O-O Bf5 7. Qb3 Qc8 8. Nc3 Nc6 9. d5 Na5 10. Qa4 b6 11. Bd2 Bd7 12. Qb4 c5 13. dxc6 Nxc6 14. Qa3 Bh3 15. Rac1 Bxg2 16. Kxg2 Qb7 17. Kg1 Rfc8 18. Rfd1 a5 19. b3 Nb4 20. Na4 Na6 21. Be3 Nc5 22. Nc3 Nfe4 23. Nd5 e6 24. Nf4 b5 25. cxb5 Qxb5 26. Bxc5 Rxc5 27. Rxc5 Qxc5 28. Qxc5 dxc5 29. Nd3 a4 30. Nd2 Nc3 31. Re1 a3 32. Nc1 Rd8 33. Nc4 Bh6 34. e3 Nb5 35. Kf1 Bg7 36. Ne2 Bb2 37. Rb1 Bc3 38. Rc1 Bb4 39. Kg2 g5 40. g4 h6 41. h3 Kg7 42. Kf3 Rd3 43. Ke4 Rd5 44. Kf3 f5 45. Kg2 Kf6 46. f3 Rd3 47. Kf2 h5 48. gxh5 Rd8 49. h4 gxh4 50. Rh1 Kg5 51. Rg1+ Kxh5 52. Nf4+ Kh6 53. Nxe6 Re8 54. Ng7 Rf8 55. Ne6 Rf6 56. Nf4 Nc3 57. Rh1 Ra6 58. Rxh4+ Kg7 59. Rh1 Nxa2 60. Ra1 Nc3 61. Nd3 a2 62. Ke1 Nd5+ 63. Nxb4 Nxb4 64. Kd2 Rh6 65. e4 f4 66. e5 Rh2+ 67. Kc1 Kf7 0-1


[Site "https://www.chess.com"]

[Event "Titled Tuesday Blitz December 13 Late 2022"]
[White "Keymer, Vincent"]
[Black "Melikyan, Gnel"]
[WhiteFideId "12940690"]
[BlackFideId "54109990"]
[WhiteElo "2600"]
[BlackElo "2138"]
[Result "1-0"]
[Round "06"]
[TimeControl "180+1"]
[Date "2022.12.13"]
[WhiteClock "0:01:38"]
[BlackClock "0:00:16"]

1. a3 h6 2. c4 c5 3. g3 Nf6 4. Bg2 e6 5. Nf3 Be7 6. O-O O-O 7. d4 cxd4 8. Nxd4 Nc6 9. Nc3 d5 10. cxd5 Nxd5 11. Nxc6 bxc6 12. Na4 Rb8 13. Qc2 Ba6 14. Rd1 Qa5 15. b4 Qb5 16. e4 Nf6 17. Bb2 Rfd8 18. Bxf6 Bxf6 19. Bf1 Bxa1 20. Bxb5 Rxd1+ 21. Qxd1 Bxb5 22. Nc5 Be5 23. Qd7 a6 24. Nxe6 c5 25. Qd5 cxb4 26. Qxe5 1-0


[Site "https://www.chess.com"]

[Event "Titled Tuesday Blitz December 13 Late 2022"]
[White "Khandelwal, Ankush"]
[Black "Novikova, Galina"]
[WhiteFideId "413470"]
[BlackFideId "4157095"]
[WhiteElo "2271"]
[BlackElo "1953"]
[Result "1-0"]
[Round "06"]
[TimeControl "180+1"]
[Date "2022.12.14"]
[WhiteClock "0:00:03"]
[BlackClock "0:00:04"]

1. e4 e6 2. d4 d5 3. Nc3 Bb4 4. exd5 exd5 5. Bd3 Nc6 6. a3 Be7 7. Nge2 Bg4 8. h3 Bh5 9. Be3 Qd7 10. Qd2 Nf6 11. Nf4 Bg6 12. O-O O-O 13. Rfe1 Rfe8 14. b4 a6 15. Re2 Bxd3 16. Nxd3 Bd6 17. Rae1 h6 18. Nc5 Bxc5 19. bxc5 Ne4 20. Nxe4 Rxe4 21. f3 Re6 22. Bf4 Rae8 23. Rxe6 Rxe6 24. Rxe6 fxe6 25. Qf2 Qf7 26. Bh2 b6 27. cxb6 cxb6 28. Bd6 Qf6 29. c3 Qf5 30. Qg3 a5 31. Bc7 b5 32. Qd6 Na7 33. Qa6 Qd3 34. Qxa7 Qxc3 35. Be5 Qc1+ 36. Kh2 Qg5 37. Qxa5 Qe7 38. Qxb5 Qxa3 39. Qe8+ Kh7 40. Qf7 1-0


[Site "https://www.chess.com"]

[Event "Titled Tuesday Blitz December 13 Late 2022"]
[White "Kleiman, Jake"]
[Black "Campelo, Leandro Fabricio"]
[WhiteFideId "2020041"]
[BlackFideId "2103346"]
[WhiteElo "2599"]
[BlackElo "2070"]
[Result "1-0"]
[Round "06"]
[TimeControl "180+1"]
[Date "2022.12.14"]
[WhiteClock "0:02:32"]
[BlackClock "0:00:31"]

1. e4 c5 2. c3 e6 3. d4 d5 4. exd5 exd5 5. Nf3 Nc6 6. Bb5 Bd6 7. O-O Ne7 8. dxc5 Bxc5 9. Nbd2 O-O 10. Nb3 Bb6 11. Bd3 h6 12. h3 Bf5 13. Re1 Re8 14. Be3 Bc7 15. Bc5 b6 16. Bxe7 Nxe7 17. Rxe7 Rxe7 18. Bxf5 Qd6 19. Bc2 Rae8 20. Nbd4 Qf6 21. Qd3 g6 22. g3 Kg7 23. Kg2 Bb8 24. Rd1 h5 25. h4 Rd8 26. Ba4 Qd6 27. Nc6 Rde8 28. Nxe7 Rxe7 29. Qxd5 1-0


[Site "https://www.chess.com"]

[Event "Titled Tuesday Blitz December 13 Late 2022"]
[White "Kovacevic, Radmila"]
[Black "Arbunic Castro, Giovanna"]
[WhiteFideId "933171"]
[BlackFideId "3400549"]
[WhiteElo "2244"]
[BlackElo "1951"]
[Result "1-0"]
[Round "06"]
[TimeControl "180+1"]
[Date "2022.12.14"]
[WhiteClock "0:00:13"]
[BlackClock "0:00:08"]

1. e4 d5 2. exd5 Qxd5 3. Nf3 Bg4 4. Be2 e5 5. Nc3 Qe6 6. O-O Nf6 7. Nxe5 Bxe2 8. Qxe2 Be7 9. d4 O-O 10. Rd1 Re8 11. d5 Qf5 12. Nc4 Bc5 13. Ne3 Qg6 14. Qb5 Bb6 15. Na4 c6 16. Qb3 Bxe3 17. Bxe3 b5 18. Nc3 Ng4 19. dxc6 Nxc6 20. Qxb5 Rab8 21. Qc4 Rxe3 22. fxe3 Nxe3 23. Qe2 Nxd1 24. Rxd1 h5 25. Nd5 Rxb2 26. Ne7+ Nxe7 27. Qxe7 Rxc2 28. Qd8+ Kh7 29. Qd5 h4 30. h3 1-0


[Site "https://www.chess.com"]

[Event "Titled Tuesday Blitz December 13 Late 2022"]
[White "Kravtsiv, Martyn"]
[Black "So, Wesley"]
[WhiteFideId "14113147"]
[BlackFideId "5202213"]
[WhiteElo "2695"]
[BlackElo "2763"]
[Result "0-1"]
[Round "06"]
[TimeControl "180+1"]
[Date "2022.12.13"]
[WhiteClock "0:00:02"]
[BlackClock "0:00:11"]

1. e4 c5 2. Nf3 d6 3. Bb5+ Nd7 4. d4 cxd4 5. Qxd4 a6 6. Bxd7+ Bxd7 7. O-O e5 8. Qd3 Be7 9. c4 b5 10. Na3 Qb6 11. Be3 Qb7 12. Rfe1 Rc8 13. cxb5 axb5 14. Bd2 Nf6 15. Bb4 Bc6 16. Nh4 g6 17. Rac1 O-O 18. f3 Rfd8 19. g3 d5 20. Bxe7 Qxe7 21. exd5 Nxd5 22. Qe2 Nb4 23. Rc3 Nxa2 24. Re3 f6 25. Nxb5 Nb4 26. Nc3 Kg7 27. Ng2 Qc5 28. Kh1 Rd4 29. Rd1 Rcd8 30. Rxd4 Rxd4 31. h3 Nd5 32. Nxd5 Qxd5 33. b4 Rd1+ 34. Kh2 Rd2 35. Qa6 Qd4 36. Ra3 Qb2 37. Qa7+ Kh6 38. Qe3+ g5 0-1


[Site "https://www.chess.com"]

[Event "Titled Tuesday Blitz December 13 Late 2022"]
[White "Kupervaser, Erez"]
[Black "Szyszylo, Rafal"]
[WhiteFideId "2814587"]
[BlackFideId "1109626"]
[WhiteElo "2251"]
[BlackElo "1981"]
[Result "1/2-1/2"]
[Round "06"]
[TimeControl "180+1"]
[Date "2022.12.14"]
[WhiteClock "0:00:14"]
[BlackClock "0:00:18"]

1. e4 d6 2. d4 Nf6 3. Nc3 g6 4. f4 Bg7 5. Nf3 O-O 6. Bd3 Na6 7. e5 dxe5 8. dxe5 Nd5 9. Nxd5 Qxd5 10. Bxa6 Qa5+ 11. Bd2 Qxa6 12. Qe2 Qb6 13. O-O-O Be6 14. Kb1 Rfd8 15. Bc3 c6 16. Ng5 Bd5 17. h4 h6 18. Ne4 h5 19. f5 Qb5 20. Qxb5 cxb5 21. Ng5 Bxg2 22. Rhg1 Bd5 23. fxg6 fxg6 24. b3 Rac8 25. Bb4 e6 26. Bd6 Rc3 27. Rgf1 Rdc8 28. Rd2 Bh6 29. Rf6 Kg7 30. Rf7+ Kg8 31. Rf6 Kg7 32. Rf7+ Kg8 33. Rf6 1/2-1/2


[Site "https://www.chess.com"]

[Event "Titled Tuesday Blitz December 13 Late 2022"]
[White "Maksimovic, Bojan"]
[Black "Omelja, Artem"]
[WhiteFideId "14408120"]
[BlackFideId "14119846"]
[WhiteElo "2462"]
[BlackElo "2404"]
[Result "1-0"]
[Round "06"]
[TimeControl "180+1"]
[Date "2022.12.13"]
[WhiteClock "0:00:48"]
[BlackClock "0:00:03"]

1. e4 c6 2. d4 d5 3. Nc3 dxe4 4. Nxe4 Bf5 5. Nc5 e5 6. Nxb7 Qb6 7. Nc5 exd4 8. Na4 Qa5+ 9. c3 dxc3 10. Nxc3 Nf6 11. Bc4 Bb4 12. Ne2 O-O 13. O-O Nbd7 14. a3 Ne5 15. Ba2 Be7 16. Nd4 Rad8 17. Nxf5 Rxd1 18. Nxe7+ Kh8 19. Rxd1 g6 20. Bf4 Re8 21. Bxe5 Qxe5 22. Nxc6 Qc5 23. Nb4 Ng4 24. Nd3 Qc7 25. g3 Kg7 26. Bd5 h5 27. Bf3 Nf6 28. h4 Qa5 29. Kg2 g5 30. hxg5 Qxg5 31. Rh1 Rd8 32. Nf4 Rd2 33. Nxh5+ Nxh5 34. Rxh5 Qg6 35. Ne4 Rxf2+ 36. Nxf2 Qc2 37. Rb5 a5 38. a4 f5 39. b3 f4 40. gxf4 Kf8 41. Re1 Kf7 42. Re4 Kf8 43. f5 Qb2 44. Rg4 Qc3 45. Be4 Kf7 46. Rb6 Ke7 47. f6+ Kd8 48. Rb7 Kc8 49. f7 Qf6 50. Rg8+ Qd8 51. Rxd8+ Kxd8 1-0


[Site "https://www.chess.com"]

[Event "Titled Tuesday Blitz December 13 Late 2022"]
[White "Marchesich, Giovanni"]
[Black "Marcolino, Daniel Mattos"]
[WhiteFideId "2824790"]
[BlackFideId "2106841"]
[WhiteElo "2200"]
[BlackElo "2139"]
[Result "1-0"]
[Round "06"]
[TimeControl "180+1"]
[Date "2022.12.14"]
[WhiteClock "0:01:33"]
[BlackClock "0:01:26"]

1. d4 Nf6 2. Nc3 d5 3. Bf4 c5 4. e4 a6 5. dxc5 dxe4 6. Qxd8+ Kxd8 7. O-O-O+ Ke8 8. Na4 Nbd7 9. Nb6 Nxb6 10. cxb6 Bd7 11. Ne2 Bc6 12. Nc3 e6 13. Bc4 Bc5 14. Be3 Bxe3+ 15. fxe3 Ke7 16. Rd4 Rhd8 17. Rhd1 Ng4 18. Nxe4 Nxe3 19. Rxd8 Rxd8 20. Rxd8 Kxd8 21. Nd6 Nxc4 22. Nxc4 Bxg2 23. Kd2 Kd7 24. a4 Kc6 25. a5 f6 26. b4 g5 27. Ne3 h5 28. Nxg2 Kd5 29. Kd3 f5 30. Ne3+ Ke5 31. b5 axb5 32. a6 1-0


[Site "https://www.chess.com"]

[Event "Titled Tuesday Blitz December 13 Late 2022"]
[White "Martinez Ramirez, Lennis"]
[Black "Lacasa Diaz, Jose Antonio"]
[WhiteFideId "3509079"]
[BlackFideId "2203375"]
[WhiteElo "2439"]
[BlackElo "2338"]
[Result "1-0"]
[Round "06"]
[TimeControl "180+1"]
[Date "2022.12.14"]
[WhiteClock "0:01:23"]
[BlackClock "0:00:02"]

1. d4 d5 2. c4 e6 3. Nf3 c5 4. e3 Nc6 5. Nc3 Nf6 6. a3 cxd4 7. exd4 Be7 8. c5 Ne4 9. Bf4 O-O 10. Rc1 Nxc3 11. Rxc3 a5 12. Bb5 Bd7 13. O-O Bf6 14. Qd3 Nxd4 15. Nxd4 Bxd4 16. Qxd4 Bxb5 17. Rg3 f6 18. Bh6 Rf7 19. Qg4 Qd7 20. Re1 e5 21. Qh4 d4 22. Bd2 Re8 23. Rh3 g6 24. Bxa5 f5 25. Bd2 e4 26. Rb3 Bc6 27. Rg3 Qd5 28. b4 Qa2 29. Bg5 e3 30. fxe3 d3 31. Bf6 Rxf6 32. Qxf6 d2 33. Rf1 Qc2 34. Qd4 Ba4 35. Qd5+ Kg7 36. Qxb7+ Kg8 37. Qd5+ Kg7 38. Qb7+ Kg8 39. Rh3 1-0


[Site "https://www.chess.com"]

[Event "Titled Tuesday Blitz December 13 Late 2022"]
[White "Melkumyan, Hrant"]
[Black "Rorrer, Grayson"]
[WhiteFideId "13302485"]
[BlackFideId "30944996"]
[WhiteElo "2604"]
[BlackElo "2200"]
[Result "1-0"]
[Round "06"]
[TimeControl "180+1"]
[Date "2022.12.13"]
[WhiteClock "0:00:05"]
[BlackClock "0:00:01"]

1. d4 Nf6 2. c4 e6 3. Bf4 Bb4+ 4. Nd2 d5 5. e3 O-O 6. Nf3 b6 7. Bd3 Bb7 8. O-O Nbd7 9. Rc1 c5 10. Nb3 cxd4 11. Nbxd4 Qe7 12. cxd5 Bxd5 13. Ne5 Nxe5 14. Bxe5 Bd6 15. f4 Rac8 16. Rxc8 Rxc8 17. Bxd6 Qxd6 18. a3 Be4 19. Bxe4 Nxe4 20. Qa4 Qc7 21. Nxe6 Qc2 22. Qxc2 Rxc2 23. Nd4 Rxb2 24. Rc1 Nc5 25. h3 Kf8 26. Nf5 g6 27. Nd6 Re2 28. Nc4 Ke7 29. Kf1 Ra2 30. Rb1 Ne4 31. Kg1 Rc2 32. Ne5 f6 33. Nf3 Rc3 34. a4 Ra3 35. Rb4 Nc5 36. Rb5 Rxa4 37. Nd4 Kd7 38. Rb1 Ra3 39. Rd1 Kc8 40. Nb5 Ra5 41. Nd6+ Kc7 42. e4 Kc6 43. e5 fxe5 44. fxe5 Ne6 45. Nf7 Rd5 46. Rc1+ Nc5 47. Re1 Ne6 48. Rc1+ Kd7 49. Ra1 a5 50. Kf2 Ke7 51. Nd6 Rxe5 52. Nc8+ Kf6 53. Nxb6 Rf5+ 54. Kg1 Nf4 55. Nd7+ Ke6 56. Nb8 Ne2+ 57. Kh2 Rf2 58. Nc6 Kd6 59. Nxa5 Rf5 60. Nc4+ Ke6 61. Ra6+ Ke7 62. Ra7+ Kf8 63. Rxh7 Nf4 64. Rh4 Ne6 65. Re4 Ng5 66. Re2 Nf7 67. Ra2 Rc5 68. Ne3 Kg7 69. Ng4 Rf5 70. Ra7 Kf8 71. Ne3 Re5 72. Nc4 Rc5 73. Nb6 Rf5 74. Nd7+ Kg8 75. Kg3 Nd6 76. h4 Ne4+ 77. Kh3 Nf2+ 78. Kh2 Ng4+ 79. Kg3 Ne3 80. Ra6 Kg7 81. Re6 Nf1+ 82. Kh3 Nd2 83. Re7+ Kh6 84. Ne5 Nc4 85. Ng4+ 1-0


[Site "https://www.chess.com"]

[Event "Titled Tuesday Blitz December 13 Late 2022"]
[White "Mendez Fortes, Eduardo Jesus"]
[Black "Abasov, Nijat"]
[WhiteFideId "3502376"]
[BlackFideId "13402960"]
[WhiteElo "2602"]
[BlackElo "2945"]
[Result "1-0"]
[Round "06"]
[TimeControl "180+1"]
[Date "2022.12.14"]
[WhiteClock "0:01:17"]
[BlackClock "0:00:09"]

1. e4 c5 2. Nf3 e6 3. d4 cxd4 4. Nxd4 Nc6 5. Nc3 Nf6 6. Ndb5 Bc5 7. Bf4 O-O 8. Bc7 Qe7 9. Bd6 Bxd6 10. Qxd6 Qd8 11. Nc7 Rb8 12. Be2 b5 13. e5 b4 14. exf6 bxc3 15. fxg7 Kxg7 16. b3 Qf6 17. O-O Rb4 18. Nb5 Ba6 19. Nxc3 Qxc3 20. Bxa6 Rg4 21. Be2 Rd4 22. Qg3+ Qxg3 23. hxg3 Rd2 24. Bd3 Nb4 25. Rfd1 Rxd1+ 26. Rxd1 Rc8 27. a3 Nxd3 28. Rxd3 Rxc2 29. Rxd7 Rc3 30. Rxa7 Rxb3 31. a4 Ra3 32. a5 h5 33. a6 e5 34. Ra8 Kf6 35. a7 Ra2 36. Kh2 Kf5 37. f3 Ra1 38. g4+ hxg4 39. fxg4+ Kf4 40. g5 e4 41. g6 e3 42. gxf7 1-0


[Site "https://www.chess.com"]

[Event "Titled Tuesday Blitz December 13 Late 2022"]
[White "Mihajlov, Sebastian"]
[Black "Burke, Paul"]
[WhiteFideId "1512110"]
[BlackFideId "2605767"]
[WhiteElo "2464"]
[BlackElo "1928"]
[Result "1-0"]
[Round "06"]
[TimeControl "180+1"]
[Date "2022.12.14"]
[WhiteClock "0:02:19"]
[BlackClock "0:00:07"]

1. e4 e5 2. Nf3 Nc6 3. c3 d5 4. Qa4 dxe4 5. Nxe5 Bd7 6. Nxd7 Qxd7 7. Qxe4+ Qe7 8. Qxe7+ Bxe7 9. d4 Nf6 10. Bf4 O-O-O 11. Nd2 Nd5 12. Bg3 Bg5 13. O-O-O f5 14. h4 Bh6 15. Bd3 f4 16. Bh2 g6 17. Nf3 Nf6 18. Ng5 Bxg5 19. hxg5 Nh5 20. Be2 Rhf8 21. Bg4+ Kb8 22. Rde1 Ng7 23. Re4 1-0


[Site "https://www.chess.com"]

[Event "Titled Tuesday Blitz December 13 Late 2022"]
[White "Mikhalsky, Vladimir"]
[Black "Sariego Figueredo, Wilfredo"]
[WhiteFideId "14144352"]
[BlackFideId "3500080"]
[WhiteElo "2272"]
[BlackElo "2309"]
[Result "0-1"]
[Round "06"]
[TimeControl "180+1"]
[Date "2022.12.14"]
[WhiteClock "0:00:10"]
[BlackClock "0:00:07"]

1. d4 d5 2. c4 c6 3. Nf3 Nf6 4. Nc3 a6 5. e3 b5 6. b3 Bb7 7. Qc2 e6 8. Bd3 Be7 9. g4 Nxg4 10. Rg1 Nf6 11. Rxg7 h6 12. e4 dxe4 13. Nxe4 Nxe4 14. Bxe4 Bf6 15. Rg4 Nd7 16. c5 Qe7 17. Bf4 Nxc5 18. dxc5 Bxa1 19. Bd6 Qf6 20. Rf4 Qc3+ 21. Qxc3 Bxc3+ 22. Ke2 f5 23. Bc2 Kd7 24. Ne5+ Bxe5 25. Bxe5 Rhg8 26. Rd4+ Ke7 27. b4 a5 28. bxa5 Rxa5 29. Bb3 Raa8 30. Bd6+ Kf6 31. f4 Rg4 32. Be5+ Ke7 33. Rd6 Bc8 34. Rxc6 Bd7 35. Rc7 Rc8 36. Bd6+ Ke8 37. Rb7 Rg2+ 38. Ke3 Rxh2 39. Bxe6 Bxe6 40. Re7+ Kd8 41. Rxe6 Rxa2 42. Rxh6 Rca8 43. c6 Ke8 44. Kd4 R2a6 45. Kc5 b4 46. Be5 b3 47. Kd6 Kf7 48. Rh7+ Kg6 49. Rg7+ Kh5 50. Rb7 Rc8 51. Rxb3 Rcxc6+ 52. Kd7 Kg4 53. Rb1 Rc4 54. Rg1+ Kf3 55. Rf1+ Kg2 56. Rd1 Re4 57. Rd5 Raa4 58. Ke6 Rxf4 59. Rd2+ Kf3 60. Bxf4 Rxf4 61. Ke5 Re4+ 62. Kxf5 Re3 63. Rh2 Kg3 64. Ra2 Rf3+ 65. Kg5 Rd3 66. Ra6 Rb3 67. Rh6 Rb5+ 68. Kg6 Kf4 69. Rh4+ Kg3 70. Rd4 Rc5 71. Kf6 Kf3 72. Ke6 Ke3 73. Kd6 Kxd4 74. Ke6 Re5+ 75. Kd6 Rg5 76. Ke6 Rd5 77. Kf6 Re5 78. Kg6 Ke4 0-1


[Site "https://www.chess.com"]

[Event "Titled Tuesday Blitz December 13 Late 2022"]
[White "Miller, Luke C"]
[Black "Han, Yichen"]
[WhiteFideId "2096935"]
[BlackFideId "1054430"]
[WhiteElo "2503"]
[BlackElo "2323"]
[Result "0-1"]
[Round "06"]
[TimeControl "180+1"]
[Date "2022.12.14"]
[WhiteClock "0:00:15"]
[BlackClock "0:00:51"]

1. e4 g6 2. d4 Bg7 3. Nc3 a6 4. h4 h5 5. Be3 b5 6. Qd2 Bb7 7. f3 d6 8. Nge2 Nd7 9. a3 Nb6 10. Nf4 Nf6 11. d5 Nfd7 12. Bd4 Ne5 13. Qf2 Rc8 14. g3 O-O 15. Bh3 c5 16. dxc6 Rxc6 17. O-O-O Nbc4 18. Nfd5 e6 19. Nb4 Rc8 20. f4 Nc6 21. Bxg7 Kxg7 22. Nxc6 Rxc6 23. f5 Qf6 24. Rhf1 Nxb2 25. e5 Qxe5 26. f6+ Kh7 0-1


[Site "https://www.chess.com"]

[Event "Titled Tuesday Blitz December 13 Late 2022"]
[White "Mitrovic, Darko R"]
[Black "Clawitter, Craig"]
[WhiteFideId "927023"]
[BlackFideId "2023105"]
[WhiteElo "2150"]
[BlackElo "2205"]
[Result "0-1"]
[Round "06"]
[TimeControl "180+1"]
[Date "2022.12.14"]
[WhiteClock "0:00:01"]
[BlackClock "0:00:08"]

1. d4 e6 2. Nf3 Nf6 3. g3 d5 4. Bg2 Be7 5. O-O O-O 6. c4 dxc4 7. Na3 c5 8. Nxc4 Nc6 9. dxc5 Bxc5 10. Be3 Bxe3 11. Nxe3 e5 12. Rc1 Qe7 13. Nh4 Rd8 14. Qc2 g6 15. Bxc6 bxc6 16. Nf3 e4 17. Nd2 Rb8 18. b3 h5 19. Rfd1 h4 20. Ndc4 Nd5 21. Rd4 Nxe3 22. Rxd8+ Qxd8 23. Nxe3 hxg3 24. hxg3 Ba6 25. Rd1 Qf6 26. Qxe4 Rd8 27. Rxd8+ Qxd8 28. Qxc6 Bxe2 29. Kg2 Bd3 30. Kg1 Qd4 31. Qd5 Qa1+ 32. Kg2 Bf5 0-1


[Site "https://www.chess.com"]

[Event "Titled Tuesday Blitz December 13 Late 2022"]
[White "Moral Garcia, Serafin"]
[Black "Sanchez, Robert"]
[WhiteFideId "2201925"]
[BlackFideId "2034360"]
[WhiteElo "2259"]
[BlackElo "2358"]
[Result "1-0"]
[Round "06"]
[TimeControl "180+1"]
[Date "2022.12.14"]
[WhiteClock "0:00:49"]
[BlackClock "0:00:03"]

1. c4 e6 2. b3 d5 3. Nf3 Nf6 4. Bb2 Be7 5. e3 O-O 6. Nc3 c5 7. cxd5 exd5 8. d4 cxd4 9. Nxd4 Nc6 10. Be2 Bc5 11. Nxc6 bxc6 12. O-O Bd6 13. Rc1 Bd7 14. Na4 Re8 15. Bd4 Ne4 16. Bf3 Re6 17. g3 Rh6 18. Nc5 Bh3 19. Re1 Qe7 20. Nxe4 dxe4 21. Bh1 f5 22. Rxc6 Bg4 23. Qc2 Rf8 24. Qc4+ Kh8 25. Rc1 Bf3 26. Bxf3 exf3 27. Qd5 f4 28. exf4 Re6 29. Qxf3 Re1+ 30. Rxe1 Qxe1+ 31. Kg2 Be7 1-0


[Site "https://www.chess.com"]

[Event "Titled Tuesday Blitz December 13 Late 2022"]
[White "Musovic, Armin"]
[Black "Romero Ruscalleda, Josep"]
[WhiteFideId "939935"]
[BlackFideId "2231859"]
[WhiteElo "2288"]
[BlackElo "2183"]
[Result "1-0"]
[Round "06"]
[TimeControl "180+1"]
[Date "2022.12.14"]
[WhiteClock "0:01:10"]
[BlackClock "0:00:03"]

1. a3 g6 2. Nc3 Bg7 3. e4 d6 4. Bc4 Nf6 5. d3 O-O 6. Bg5 c6 7. Nge2 Nbd7 8. Ba2 e5 9. O-O h6 10. Bh4 Qb6 11. Na4 Qc7 12. c4 Re8 13. h3 Nf8 14. Nac3 Nh5 15. Rc1 Kh7 16. Bb1 g5 17. Bg3 Ng6 18. Bh2 Nhf4 19. d4 exd4 20. Nxd4 Qb6 21. Nf5 Be5 22. Nxd6 Rd8 23. Nxc8 Raxc8 24. Qc2 Rd3 25. Na4 Qc7 26. Bxf4 Nxf4 27. Rfd1 Rcd8 28. Rxd3 Rxd3 29. Rd1 Rxd1+ 30. Qxd1 b5 31. Nc5 Qe7 32. b4 bxc4 33. g3 Ng6 34. Qd7 c3 35. Qxe7 Nxe7 36. Nd3 Bd4 37. Kf1 Nc8 38. f4 gxf4 39. gxf4 Nb6 40. e5 Nc4 41. Nb2+ 1-0


[Site "https://www.chess.com"]

[Event "Titled Tuesday Blitz December 13 Late 2022"]
[White "Nasuta, Grzegorz"]
[Black "Sjugirov, Sanan"]
[WhiteFideId "1141686"]
[BlackFideId "4189302"]
[WhiteElo "2441"]
[BlackElo "2613"]
[Result "0-1"]
[Round "06"]
[TimeControl "180+1"]
[Date "2022.12.13"]
[WhiteClock "0:00:01"]
[BlackClock "0:00:06"]

1. e4 c5 2. Nf3 d6 3. d4 cxd4 4. Nxd4 Nf6 5. Nc3 a6 6. Be2 e5 7. Nb3 Be7 8. Be3 Be6 9. Nd5 Nbd7 10. Qd3 Bxd5 11. exd5 Rc8 12. c4 O-O 13. O-O a5 14. Rae1 b6 15. Kh1 Nc5 16. Nxc5 dxc5 17. Bf3 Bd6 18. Bg5 h6 19. Bh4 Re8 20. Qb1 g6 21. Bd1 Kg7 22. Ba4 Rf8 23. Qc2 Rc7 24. Qc3 g5 25. Bg3 Re7 26. Bxe5 Bxe5 27. Rxe5 Qd6 28. f4 gxf4 29. Rxe7 Qxe7 30. Rxf4 Qd6 31. Rf1 Rg8 32. g3 Rf8 33. Rf5 Rg8 34. Kg2 Rd8 35. h3 Qe7 36. Qe5 Qxe5 37. Rxe5 Kf8 38. Kf3 Ng8 39. g4 Ne7 40. Re1 Nc8 41. Bc6 Nd6 42. b3 Rb8 43. Kf4 Rd8 44. Ke5 Ke7 45. Kf4+ Kf6 46. h4 Nc8 47. g5+ hxg5+ 48. hxg5+ Kg7 49. Kf5 Nd6+ 50. Kf4 Nc8 51. Re8 Rxe8 52. Bxe8 Nd6 53. Bc6 Kf8 54. Ke5 Ke7 55. a3 Nc8 56. Bb7 Nd6 57. Ba6 Ne8 58. Bb5 Nd6 59. Bc6 Nc8 60. Ba4 Nd6 61. Bb5 Nc8 62. Bc6 Nd6 63. Kf4 Kf8 64. Kg4 Kg7 65. Kf4 f6 66. Bd7 Kg6 67. gxf6 Kxf6 68. Bg4 a4 69. bxa4 Nxc4 70. Be2 Nd6 71. Bd3 Ke7 72. Ke5 Nf7+ 0-1


[Site "https://www.chess.com"]

[Event "Titled Tuesday Blitz December 13 Late 2022"]
[White "O`Gorman, Tom"]
[Black "Martinez Alcantara, Jose Eduardo"]
[WhiteFideId "2508249"]
[BlackFideId "3805662"]
[WhiteElo "2271"]
[BlackElo "2707"]
[Result "0-1"]
[Round "06"]
[TimeControl "180+1"]
[Date "2022.12.13"]
[WhiteClock "0:00:16"]
[BlackClock "0:01:08"]

1. d4 Nf6 2. c4 e6 3. Nc3 Bb4 4. f3 d5 5. a3 Be7 6. e4 dxe4 7. fxe4 c5 8. d5 exd5 9. exd5 O-O 10. Be2 Bd6 11. Nf3 h6 12. O-O Re8 13. Bd3 Nbd7 14. Qc2 a6 15. Bd2 Ne5 16. Nxe5 Bxe5 17. Rae1 Qd6 18. h3 Bd7 19. Ne4 Nxe4 20. Bxe4 Re7 21. Bh7+ Kh8 22. Bf5 Rae8 23. Bxd7 Qxd7 24. Kh1 Kg8 25. Bc3 Bd6 26. Qd3 b5 27. Rxe7 Rxe7 28. Re1 b4 29. axb4 cxb4 30. Bd2 a5 31. Rxe7 Qxe7 32. Qe3 Qf6 33. Kg1 Be5 34. Qf3 Qxf3 35. gxf3 Bxb2 36. Kf2 b3 37. Ke2 a4 38. c5 a3 39. c6 Be5 40. Bc3 b2 41. Bxe5 b1=Q 42. c7 Qc2+ 43. Ke3 f6 44. d6 fxe5 45. d7 Qxc7 0-1


[Site "https://www.chess.com"]